 Dungeon Crawl Stone Soup version 0.18.1-1-g2f07953 (webtiles) character file.

48 Ellandar the Magician (level 3, -4/19 HPs)
             Began as a Deep Elf Wizard on Aug 12, 2016.
             Was a Follower of Kikubaaqudgha.
             Slain by Sigmund
             ... wielding a +0 scythe
              (11 damage)
             ... on level 2 of the Dungeon.
             The game lasted 00:16:54 (1807 turns).

Ellandar the Magician (Deep Elf Wizard)             Turns: 1807, Time: 00:16:55

Health: -4/19      AC:  2    Str:  4    XL:     3   Next: 50%
Magic:  0/12       EV: 12    Int: 23    God:    Kikubaaqudgha [*.....]
Gold:   0          SH:  0    Dex: 13    Spells: 6 memorised, 1 level left

rFire  + . .     SeeInvis .     k - +0 dagger (elec)
rCold  . . .     Gourm    .     a - +0 robe
rNeg   . . .     Faith    .     (no shield)
rPois  +         Spirit   .     b - +0 hat
rElec  .         Dismiss  .     (no cloak)
rCorr  .         Reflect  .     (no gloves)
SustAt .         Harm     .     (no boots)
MR     .....                    (no amulet)
Stlth  ++........               j - ring of protection from fire
                                i - ring of poison resistance

@: not resistant to hostile enchantments, unstealthy
A: no striking features
a: Receive Corpses, Renounce Religion


You were on level 2 of the Dungeon.
You worshipped Kikubaaqudgha.
Kikubaaqudgha was aware of your devotion.
You were hungry.

You visited 1 branch of the dungeon, and saw 2 of its levels.

Inventory:

Hand Weapons
 k - a +0 dagger of electrocution (weapon)
Armour
 a - a +0 robe (worn)
 b - a +0 hat (worn)
Jewellery
 i - a ring of poison resistance (left hand)
 j - a ring of protection from fire (right hand)
Scrolls
 f - 2 scrolls of identify {unknown}
 m - a scroll of enchant armour {unknown}
 p - a scroll of remove curse {unknown}
Potions
 e - a potion of agility {unknown}
 h - a potion of cure mutation {unknown}
 l - a potion of heal wounds
Books
 c - a book of Minor Magic

   Spells                             Type                      Level
   a - Magic Dart                     Conjuration                  1
   b - Blink                          Translocation                2
   c - Call Imp                       Summoning                    2
   d - Repel Missiles                 Charms/Air                   2
   e - Slow                           Hexes                        2
   f - Conjure Flame                  Conjuration/Fire             3
   g - Mephitic Cloud                 Conjuration/Poison/Air       3
 o - Kikubaaqudgha's Reference Book on Necromancy
   (Kikubaaqudgha gifted it to you on level 2 of the Dungeon)

   Spells                             Type                      Level
   a - Pain                           Necromancy                   1
   b - Corpse Rot                     Necromancy                   2
   c - Sublimation of Blood           Necromancy                   2
   d - Vampiric Draining              Necromancy                   3
   e - Control Undead                 Necromancy                   4
Comestibles
 d - a bread ration
 g - 2 meat rations
 n - 4 fruits
 q - a beef jerky


   Skills:
 - Level 2.4 Dodging
 - Level 2.4 Stealth
 * Level 5.6 Spellcasting
 - Level 1.4 Conjurations
 - Level 2.1 Summonings
 + Level 0.2 Necromancy
   Level 1.1 Translocations


You had one spell level left.
You knew the following spells:

 Your Spells              Type           Power        Failure   Level  Hunger
a - Magic Dart            Conj           ##..         6%          1    None
b - Call Imp              Summ           ###.....     6%          2    None
c - Conjure Flame         Conj/Fire      #.......     21%         3    ##.....
d - Pain                  Necr           #...         10%         1    None
e - Vampiric Draining     Necr           #.........   24%         3    ##.....
f - Sublimation of Blood  Necr           #.........   14%         2    None


Dungeon Overview and Level Annotations

Branches:
Dungeon (2/15)

Altars:
Kikubaaqudgha

Annotations:
D:2 Sigmund


Message History

Ouch! That really hurt!
What do you say? t - Shout!
Orders for allies: a - Attack new target. r - Retreat! s - Stop attacking. w - Wait here. f - Follow me.
Anything else - Stay silent.
Gang up on whom?
Press: ? - help, Dir - move target cursor, f - Sigmund
Aim: Sigmund, wielding a scythe and wearing a robe Attack!
Sigmund misses you.
Casting: Call Imp
Confirm with . or Enter, or press ? or * to list all spells.
A shadowy apparition takes form in the air.
Sigmund hits you from afar with a scythe.
Your crimson imp disappears in a puff of smoke!
Sigmund hits you from afar with a scythe!
Ouch! That really hurt!
You die...
Kikubaaqudgha rasps: "You have failed me!
Welcome... death!"

#.# #........ #.#
#.####### #.########.#
#......w...#
#..#######.# #..# #.###
#.#####†.# ##...#
........[######.#..#
.####.@.......###.#
#5§5.....##.#..#####
#5##@##.#.##.#..†...
#.###.##.#.###.#.#..#...
#<.....5..#####....## ..
#####.##.#.#...#..## #.
#.#...#........+##..
................#...
..##.......#.P≈......


You could see Sigmund, 2 friendly crimson imps and a friendly shadow imp.

Vanquished Creatures
  A dart slug (D:1)
  A giant gecko (D:2)
  A giant cockroach (D:1)
  A goblin (D:1)
  5 hobgoblins (D:1)
  2 jackals (D:1)
  5 kobolds (D:1)
  5 bats
  4 giant newts (D:1)
  3 rats (D:1)
28 creatures vanquished.

Vanquished Creatures (collateral kills)
  An ooze (D:1)
  A worm (D:2)
  2 dart slugs (D:1)
  2 goblins (D:1)
  6 jackals (D:1)
  A kobold (D:1)
  A bat (D:1)
  A rat (D:1)
15 creatures vanquished.

Grand Total: 43 creatures vanquished

Notes
Turn   | Place    | Note
--------------------------------------------------------------
     0 | D:1      | Ellandar the Deep Elf Wizard began the quest for the Orb.
     0 | D:1      | Reached XP level 1. HP: 10/10 MP: 7/7
   524 | D:1      | Reached XP level 2. HP: 15/15 MP: 3/9
   565 | D:1      | Learned a level 2 spell: Call Imp
   600 | D:1      | Reached skill level 5 in Spellcasting
  1076 | D:1      | Reached XP level 3. HP: 19/19 MP: 6/11
  1081 | D:1      | Learned a level 3 spell: Conjure Flame
  1633 | D:2      | Found a faded altar to an unknown god.
  1638 | D:2      | Became a worshipper of Kikubaaqudgha
  1638 | D:2      | Reached * piety under Kikubaaqudgha
  1638 | D:2      | Received a gift from Kikubaaqudgha
  1638 | D:2      | Identified Kikubaaqudgha's Reference Book on Necromancy (Kikubaaqudgha gifted it to you on level 2 of the Dungeon)
  1641 | D:2      | Learned a level 1 spell: Pain
  1645 | D:2      | Learned a level 3 spell: Vampiric Draining
  1648 | D:2      | Learned a level 2 spell: Sublimation of Blood
  1727 | D:2      | Noticed Sigmund
  1807 | D:2      | Slain by Sigmund

Skill      XL: |  1  2  3 |
---------------+----------+-----
Spellcasting   | 5 |  5.6
Summonings     | 2 |  2.1
Dodging        | |  2.4
Stealth        | |  2.4
Conjurations   | |  1.4
Necromancy     | |  0.2
Translocations | |  1.1

Action                   || total
-------------------------++-------
Melee: Unarmed           ||     4
       Dagger            ||    29
 Cast: Magic Dart        ||    56
       Call Imp          ||    20
       Pain              ||     4
       Conjure Flame     ||     1
       Vampiric Draining ||     1
  Use: Potion            ||     1
  Eat: Chunk             ||     2
Armor: Robe              ||    20
Dodge: Dodged            ||    43
